 Dungeon Crawl Stone Soup version 0.28-a0-397-g1a7b1a870f (webtiles) character file.

Game seed: 12735512925274862466

65857 GordonOverkill the Devastator (level 14, -8/69 HPs)
             Began as a Felid Necromancer on Sept 3, 2021.
             Was an Elder of Sif Muna.
             Killed by divine providence
             ... invoked by a meliai
              (12 damage)
             ... while paralysed
             ... on level 4 of the Abyss on Sept 4, 2021.
             The game lasted 01:53:59 (74918 turns).

GordonOverkill the Devastator (Felid Necromancer)  Turns: 74918, Time: 01:54:00

Health: -8/69      AC:  3    Str:  0    XL:     14   Next: 77%
Magic:  40/40      EV:  4    Int: 22    God:    Sif Muna [****..]
Gold:   1862       SH:  0    Dex: 18    Spells: 17/37 levels left
                                        Lives:  0   Deaths: 5

rFire   . . .      SeeInvis +     - Unarmed
rCold   + . .      Faith    .   (shield unavailable)
rNeg    . . .      Spirit   .   (armour unavailable)
rPois   .          Reflect  .   (helmet unavailable)
rElec   .          Harm     .   (cloak unavailable)
rCorr   .          Rampage  .   (gloves unavailable)
Will    ++...                   (boots unavailable)
Stlth   ++........              e - amulet of regeneration
HPRegen 0.00/turn               q - ring of wizardry
MPRegen 0.27/turn               J - ring of magical power

@: paralysed, lethally poisoned (-8 -> -22), inhibited regen, slowed, lost
strength, quick
A: very small, claws 1, fangs 3, see invisible, speed 1, shaggy fur 3, stealthy
paws, no weapons or thrown items, no armour, multi-lived, [screaming 2], [weak
2]
a: Renounce Religion, Channel Magic, Forget Spell, Divine Exegesis


You were on level 4 of the Abyss.
You worshipped Sif Muna.
Sif Muna was greatly pleased with you.
You visited 7 branches of the dungeon, and saw 29 of its levels.
You visited the Abyss 1 time.
You also visited: Sewer.

You collected 2974 gold pieces.
You spent 1112 gold pieces at shops.

Inventory:

Jewellery
 a - a ring of poison resistance
 d - a ring of positive energy
 e - an amulet of regeneration (around neck)
 f - a ring of willpower
 h - a ring of protection from fire
 l - a ring of ice
 q - a ring of wizardry (left paw)
 t - a ring of fire
 v - a ring of protection from cold
 y - a ring of fire
 E - a +4 ring of protection
 I - the ring of the Queen {rF+ rN+ Dex+2}
   (You found it on level 6 of the Lair of Beasts)

   [ring of positive energy]

   Dex:       It affects your dexterity (+2).
   rF:        It protects you from fire.
   rN:        It protects you from negative energy.
 J - a ring of magical power (right paw)
 K - a ring of flight
 L - a +6 ring of intelligence
Wands
 c - a wand of iceblast (20)
 n - a wand of flame (44)
 s - a wand of acid (11)
 x - a wand of paralysis (8)
 C - a wand of mindburst (17)
 F - a wand of polymorph (23)
 H - a wand of digging (8)
Scrolls
 i - 4 scrolls of identify
 j - 2 scrolls of holy word
 o - 5 scrolls of magic mapping
 p - 2 scrolls of vulnerability
 r - 6 scrolls of amnesia
 u - a scroll of silence
 w - 3 scrolls of teleportation
 z - 2 scrolls of immolation
 A - 4 scrolls of fog
Potions
 b - 2 potions of haste
 g - 5 potions of mutation
 k - 9 potions of curing
 m - 5 potions of might
 B - 4 potions of brilliance
 D - a potion of invisibility
 G - 4 potions of magic
 M - a potion of lignification


   Skills:
 - Level 12.0 Fighting
 - Level 7.0 Dodging
 - Level 2.6 Stealth
 - Level 10.0 Unarmed Combat
 - Level 12.0 Spellcasting
 + Level 17.7 Conjurations
 - Level 5.0 Necromancy
 + Level 4.8 Ice Magic
 - Level 10.0 Invocations
 - Level 5.0 Evocations


You had 17 spell levels left.
You knew the following spells:

 Your Spells              Type           Power      Damage    Failure   Level
a - Pain                  Necr           100%       1d9       1%          1
b - Vampiric Draining     Necr           17%        2d8       1%          3
c - Orb of Destruction    Conj           37%        9d13      1%          7
d - Ozocubu's Refrigerat  Ice            17%        4d8       90%         7
e - Passwall              Tmut/Erth      10%        N/A       3%          2

Your spell library contained the following spells:

 Spells                   Type           Power      Damage    Failure   Level
 Searing Ray              Conj           100%       3d7       0%          2
 Animate Skeleton         Necr           70%        N/A       1%          1
 Ensorcelled Hibernation  Hex/Ice        46%        N/A       1%          2
 Static Discharge         Conj/Air       51%        N/A       1%          2
 Dazzling Flash           Conj/Hex       100%       N/A       1%          3
 Fulminant Prism          Conj/Hex       25%        3d14      1%          4
 Fireball                 Conj/Fire      25%        3d11      1%          5
 Iskenderun's Battlesphe  Conj           74%        2d12      1%          5
 Animate Dead             Necr           17%        N/A       2%          4
 Gell's Gravitas          Tloc           6%         N/A       6%          3
 Spider Form              Tmut/Pois      6%         N/A       6%          3
 Summon Guardian Golem    Hex/Summ       13%        N/A       6%          3
 Swiftness                Air            13%        N/A       6%          3
 Teleport Other           Tloc           13%        N/A       6%          3
 Agony                    Necr           35%        N/A       7%          5
 Conjure Ball Lightning   Conj/Air       25%        3x3d7     9%          6
 Iron Shot                Conj/Erth      25%        9d5       9%          6
 Olgreb's Toxic Radiance  Pois           13%        N/A       19%         4
 Spellforged Servitor     Conj/Summ      25%        N/A       38%         7
 Blade Hands              Tmut           6%         N/A       45%         5
 Silence                  Hex/Air        6%         N/A       45%         5
 Dispersal                Tloc           6%         N/A       95%         6
 Invisibility             Hex            6%         N/A       95%         6
 Discord                  Hex            6%         N/A       100%        8
 Disjunction              Tloc           6%         N/A       100%        8
 Ignition                 Fire           6%         3d4       100%        8
 Portal Projectile        Hex/Tloc       Unusable   N/A       N/A         3
 Excruciating Wounds      Necr           Unusable   N/A       N/A         5

Dungeon Overview and Level Annotations

Branches:
Dungeon (15/15)            Temple (1/1) D:4            Lair (6/6) D:8
  Swamp (3/4) Lair:3       Spider (1/4) Lair:3        Slime (0/5) Lair:6
    Orc (2/2) D:10            Elf (1/3) Orc:2        Vaults (0/5) D:14
 Depths (0/5) D:15          Sewer (visited)

Altars:
Ashenzari
Cheibriados
Dithmenos
Elyvilon
Fedhas
Gozag
Hepliaklqana
Kikubaaqudgha
Makhleb
Nemelex Xobeh
Okawaru
Qazlal
Ru
Sif Muna
Trog
Uskayaw
Vehumet
Wu Jian
Xom
Yredelemnul
Zin
The Shining One
Beogh

Shops:
D:3 !   D:11 (   D:13 =   Orc:2 [:((

Annotations:
D:5 3 runed translucent doors, exclusion: downstairs, Cercoroba's ghost, weakling HOFi
D:11 3 runed translucent doors, PirateVox's ghost, journeyman TrMo
Lair:1 exclusion: oklob plant
Lair:6 2 runed translucent doors, papapa55's ghost, journeyman GrEE


Innate Abilities, Weirdness & Mutations

You have sharp claws.
You have razor-sharp teeth.
You have supernaturally acute eyesight. (SInv)
You cover ground quickly. (Speed+)
Your thick and shaggy fur keeps you warm. (AC +3, rC+)
Your paws help you pounce on unaware monsters.
You are incapable of wielding weapons or throwing items.
You cannot wear armour.
You gain extra lives every three experience levels.
[You frequently scream uncontrollably at your foes.]
[You are very weak. (Str -4)]


Message History

Okay, then.
Found a wand of acid (11).
Found a gateway leading deeper into the Abyss.
There is a gateway leading deeper into the Abyss here.
Found a scroll of enchant armour.
s - a wand of acid (11)
There is a gateway leading deeper into the Abyss here.
Found a leather armour.
A wretched star comes into view.
Found an elf corpse.
A green very ugly thing comes into view.
Found an elf corpse.
The green very ugly thing gurgles horribly!
You hear an angry buzzing noise.
The wretched star pulses with an eldritch light!
You feel weaker. x2
You have lost your strength.
A meliai comes into view. It is wielding a +0 hand axe.
The meliai hits you with a +0 hand axe! The meliai completely misses you.
The wretched star pulses with an eldritch light!
You feel the urge to shout.
You feel a strong urge to scream. The meliai hits you with a +0 hand axe!
* * * LOW HITPOINT WARNING * * *
The meliai stings you!
* * * LOW HITPOINT WARNING * * *
The meliai hits you with a +0 hand axe!
* * * LOW HITPOINT WARNING * * *
The meliai stings you.
* * * LOW HITPOINT WARNING * * *
The meliai hits you with a +0 hand axe.
* * * LOW HITPOINT WARNING * * *
The meliai stings you.
* * * LOW HITPOINT WARNING * * *
You are lethally poisoned!
The meliai poisons you!
* * * LOW HITPOINT WARNING * * *
You feel very sick.
The meliai mumbles some strange prayers to its god against you.
Something smites you!
You die...

.## # ### #
.#..##.....# ##
....#.... # #.
#.#.#....# #. .
.#.#..#..## #*#
..#. ......####u.
.. ...#># #.. #.
.#.##. ###y##
....#.. #.###.@.#
..... ... ##.#...#
#...##.......###†##
. #......#..# ..#
#....##..........
#.....#
#...#....... . ..
#.#.#....[#.##
##..# .......#####.
##. .# .#..#.


You could see a green very ugly thing, a wretched star and a meliai.

Vanquished Creatures
  Rupert (Lair:4)
  Jorgrun (Orc:2)
  2 orc warlords
  Louise (D:15)
  2 ghouls (Swamp:3)
  A very ugly thing (D:15)
  6 dire elephants (Lair:6)
  Nessos (D:15)
  4 bunyips
  Snorg (Orc:2)
  2 eleionomae
  A fire dragon (D:15)
  A shambling mangrove (Swamp:1)
  A great orb of eyes (D:15)
  4 vault guards (D:14)
  6 ogre magi
  8 hydras
  4 boulder beetles
  17 two-headed ogres
  2 centaur warriors
  An alligator (shapeshifter) (D:15)
  6 death yaks
  6 alligators
  2 tengu warriors
  A thrashing horror (Abyss:3)
  Sonja (D:13)
  3 spriggans
  A spectral death yak (Lair:5)
  5 goliath frogs
  2 spriggan druids
  A spectral anaconda (Lair:6)
  A swamp dragon (Swamp:3)
  A bog body (Swamp:2)
  An obsidian statue (Lair:6)
  4 orc knights
  Pikel (D:6)
  3 necromancers (Lair:6)
  9 ugly things (D:15)
  6 deep elf pyromancers
  2 cyclopes
  3 manticores (D:14)
  6 will-o-the-wisps
  13 elephants
  7 black mambas
  A guardian serpent (Abyss:3)
  3 torpor snails
  5 gargoyles
  18 cane toads
  A dire elephant skeleton (Lair:6)
  An orange demon (Abyss:3)
  3 kobold demonologists
  5 komodo dragons
  2 efreet
  A demonic crawler (Lair:3)
  2 tengu conjurers
  7 polar bears
  6 yaktaurs (D:15)
  6 trolls
  6 meliai
  2 bloated husks
  A jumping spider (Spider:1)
  Prince Ribbit (Lair:3)
  34 blink frogs
  6 tyrant leeches
  A hornet (Swamp:1)
  18 slime creatures
  4 dream sheep (Lair:2)
  A redback (Lair:3)
  A shadow (D:9)
  A wraith (D:11)
  3 wyverns
  A water elemental (Elf:1)
  59 yaks
  Eustachio (D:6)
  A human (D:14)
  7 vampire mosquitoes
  A death yak simulacrum (Lair:6)
  12 swamp worms
  A spectral cane toad (Lair:6)
  A naga (Abyss:3)
  7 wargs
  10 water moccasins
  3 acid dragons
  A swamp drake (Swamp:3)
  27 orc warriors
  9 black bears
  4 sky beasts
  36 ogres
  5 boggarts (D:15)
  3 necrophages
  10 wolves
  13 centaurs
  5 kobold brigands
  A gnoll sergeant (D:11)
  9 bullfrogs
  7 scorpions
  2 cane toad simulacra (Lair:6)
  A water moccasin zombie (D:5)
  An elephant simulacrum (Lair:6)
  A howler monkey (D:6)
  2 electric eels (Lair:3)
  A centaur zombie (D:8)
  4 jellies
  2 hounds (D:5)
  16 orc priests
  Crazy Yiuf (D:6)
  6 centaur skeletons
  2 iguanas
  27 orc wizards
  2 killer bee zombies
  2 hound skeletons
  A howler monkey zombie (D:7)
  4 gnolls
  4 river rats (Sewer)
  5 adders
  2 shadow imps
  A white imp (D:6)
  An ufetubus (D:4)
  An adder skeleton (D:4)
  7 worms (Sewer)
  3 dart slugs
  77 orcs
  8 endoplasms
  9 giant cockroaches
  3 goblins
  7 hobgoblins
  25 kobolds
  7 quokkas
  10 ball pythons
  6 bats
  3 frilled lizards (D:2)
  2 rats
  2 bushes (Lair:1)
  A butterfly (Lair:1)
785 creatures vanquished.

Vanquished Creatures (collateral kills)
  A vault guard (D:14)
  An ogre mage (D:14)
2 creatures vanquished.

Vanquished Creatures (others)
  3 blink frogs (Lair:4)
  A bullfrog (Lair:4)
  An orc (D:7)
  A bush (Lair:4)
  9 foxfires
  78 fungi
  100 plants
  2 starspawn tentacles (Abyss:3)
  35 withered plants (Lair:6)
230 creatures vanquished.

Grand Total: 1017 creatures vanquished

Notes
Turn   | Place    | Note
-------+----------+-------------------------------------------
     0 | D:1      | GordonOverkill the Felid Necromancer began the quest for
                  | the Orb.
     0 | D:1      | Reached XP level 1. HP: 7/7 MP: 4/4
   785 | D:1      | Reached XP level 2. HP: 11/12 MP: 4/6
  1083 | D:1      | Reached skill level 1 in Fighting
  2503 | D:2      | Reached XP level 3. HP: 11/15 MP: 1/7
  2573 | D:2      | Learned a level 3 spell: Vampiric Draining
  3584 | D:3      | Found Zorryesu's Distillery.
  4095 | D:3      | Reached XP level 4. HP: 11/19 MP: 3/9
  4306 | D:3      | Found a glowing drain.
  4323 | Sewer    | Entered a sewer
  5571 | Sewer    | Noticed a kobold brigand
  5571 | Sewer    | Noticed a kobold brigand
  5592 | Sewer    | Killed a kobold brigand
  5593 | Sewer    | Reached skill level 5 in Necromancy
  5593 | Sewer    | Reached XP level 5. HP: 7/24 MP: 0/11
  5608 | Sewer    | Gained mutation: You are covered in thick fur. (AC +2)
                  | [Felid growth]
  5608 | Sewer    | Reached XP level 6. HP: 20/28 MP: 0/12
  7855 | D:4      | Found a staircase to the Ecumenical Temple.
  8204 | D:5      | Entered Level 5 of the Dungeon
  9051 | D:4      | Found a large runed translucent door.
  9052 | D:4      | Found a large runed translucent door.
  9814 | D:4      | Found a sacrificial altar of Ru.
  9819 | D:4      | Found a hide-covered altar of Uskayaw.
  9874 | Temple   | Entered the Ecumenical Temple
 10066 | Temple   | Became a worshipper of Sif Muna the Loreminder
 10151 | D:5      | Reached XP level 7. HP: 33/33 MP: 7/15
 10620 | D:5      | Reached skill level 1 in Invocations
 10672 | D:5      | Found a runed translucent gate.
 10673 | D:5      | Found a runed translucent gate.
 10674 | D:5      | Found a runed translucent gate.
 10697 | D:5      | Found a radiant altar of Vehumet.
 10903 | D:5      | Reached skill level 5 in Fighting
 10903 | D:5      | Reached skill level 5 in Spellcasting
 11891 | D:5      | Noticed Cercoroba's ghost (weakling HOFi)
 12103 | D:5      | Reached XP level 8. HP: 37/37 MP: 5/16
 12335 | D:6      | Noticed Pikel
 13265 | D:6      | Reached skill level 5 in Invocations
 13265 | D:6      | Reached skill level 5 in Evocations
 13803 | D:6      | Noticed Eustachio
 13859 | D:6      | Killed Eustachio
 14110 | D:6      | Killed Pikel
 14111 | D:6      | Reached XP level 9. HP: 21/41 MP: 4/19
 15211 | D:6      | Found a runed translucent door.
 15212 | D:6      | Noticed Crazy Yiuf
 15219 | D:6      | Killed Crazy Yiuf
 15394 | D:7      | Found a basalt altar of Yredelemnul.
 15396 | D:7      | Noticed a profane servitor
 15410 | D:7      | Found a glowing golden altar of the Shining One.
 15540 | D:7      | Found a white marble altar of Elyvilon.
 15625 | D:7      | Found an opulent altar of Gozag.
 15626 | D:7      | Found a burning altar of Makhleb.
 15921 | D:7      | Found a glowing silver altar of Zin.
 16283 | D:7      | Killed from afar by an orc priest
 16284 | D:7      | Reached XP level 8. HP: -1/39 MP: 20/20
 16362 | D:7      | Reached * piety under Sif Muna
 16611 | D:7      | Noticed an angel
 17473 | D:8      | Found a staircase to the Lair.
 17592 | D:8      | Reached XP level 9. HP: 41/43 MP: 6/22
 17996 | D:8      | Found an ornate altar of the Wu Jian Council.
 18667 | D:3      | Bought a potion of experience for 500 gold pieces
 18667 | D:3      | Reached XP level 10. HP: 47/47 MP: 24/24
 19281 | D:9      | Reached skill level 10 in Unarmed Combat
 19849 | D:10     | Entered Level 10 of the Dungeon
 19851 | D:10     | Reached ** piety under Sif Muna
 20531 | D:10     | Noticed a two-headed ogre
 20639 | D:10     | Killed a two-headed ogre
 20640 | D:10     | Reached skill level 5 in Dodging
 20794 | D:10     | Noticed a two-headed ogre
 20798 | D:10     | Killed a two-headed ogre
 21170 | D:10     | Found a staircase to the Orcish Mines.
 21269 | D:10     | Identified a scroll of acquirement
 21270 | D:10     | Acquired a book of Dangerous Friends
 21280 | D:10     | Learned a level 7 spell: Orb of Destruction
 21308 | D:11     | Reached XP level 11. HP: 43/50 MP: 5/25
 21553 | D:11     | Noticed a stone giant
 21554 | D:11     | Noticed PirateVox's ghost (journeyman TrMo)
 21555 | D:11     | Found a runed translucent gate.
 21555 | D:11     | Found a runed translucent gate.
 21555 | D:11     | Found a runed translucent gate.
 21555 | D:11     | Noticed a boulder beetle
 21631 | D:11     | Reached skill level 10 in Spellcasting
 21794 | D:11     | Reached skill level 1 in Conjurations
 22141 | D:11     | Reached skill level 2 in Conjurations
 22162 | D:11     | Found Gaumiep's Antique Weapon Emporium.
 22360 | D:11     | Identified the +2 leather armour of the peach {rCorr}
 22494 | Orc:1    | Entered Level 1 of the Orcish Mines
 22581 | Lair:1   | Entered Level 1 of the Lair of Beasts
 22586 | Lair:1   | Reached skill level 3 in Conjurations
 22845 | Lair:1   | Learned a level 7 spell: Ozocubu's Refrigeration
 23046 | Lair:1   | Reached skill level 4 in Conjurations
 23552 | Lair:1   | Reached skill level 5 in Conjurations
 24234 | Lair:1   | Reached skill level 6 in Conjurations
 24567 | Lair:1   | Found a blossoming altar of Fedhas.
 24594 | Lair:1   | Noticed an oklob plant
 25144 | D:8      | Reached *** piety under Sif Muna
 25382 | D:8      | Reached skill level 7 in Conjurations
 25979 | Lair:1   | Found a blossoming altar of Fedhas.
 27300 | Lair:2   | Noticed an eight-headed hydra
 27307 | Lair:2   | Killed an eight-headed hydra
 27308 | Lair:2   | Reached skill level 8 in Conjurations
 27423 | Lair:2   | Gained mutation: Your thick and shaggy fur keeps you warm.
                  | (AC +3, rC+) [Felid growth]
 27423 | Lair:2   | Reached XP level 12. HP: 54/54 MP: 15/27
 27711 | Lair:2   | Noticed a death yak
 27713 | Lair:2   | Noticed a death yak
 28158 | Lair:1   | Found a blossoming altar of Fedhas.
 28321 | Lair:1   | Killed a death yak
 28322 | Lair:1   | Reached skill level 9 in Conjurations
 28874 | Lair:1   | Killed a death yak
 29247 | Lair:2   | Reached skill level 10 in Conjurations
 30987 | Lair:3   | Noticed Prince Ribbit
 31004 | Lair:3   | Killed Prince Ribbit
 31113 | Lair:2   | Killed by miscasting Orb of Destruction
 31114 | Lair:2   | Reached XP level 11. HP: -11/50 MP: 10/26
 32583 | Lair:2   | Reached skill level 11 in Conjurations
 32704 | Lair:2   | Slain by a cane toad
 32705 | Lair:2   | Reached XP level 10. HP: -3/70 MP: 20/25
 33011 | Lair:2   | Killed a cane toad
 34243 | Lair:3   | Reached XP level 11. HP: 50/50 MP: 10/26
 34950 | Lair:3   | Found a hole to the Spider Nest.
 35693 | Lair:3   | Identified the +0 hunting sling "Oqosm" {speed, rPois}
 36077 | Lair:3   | Found a staircase to the Swamp.
 36263 | Lair:4   | Reached skill level 12 in Conjurations
 36627 | Lair:3   | Reached **** piety under Sif Muna
 36752 | Lair:4   | Noticed a six-headed hydra
 36755 | Lair:4   | Killed a six-headed hydra
 36938 | Lair:4   | You fall into a shaft and drop 2 floors!
 36938 | Lair:6   | Entered Level 6 of the Lair of Beasts
 38142 | Lair:5   | Found a hazy altar of Hepliaklqana.
 38361 | Lair:5   | Reached XP level 12. HP: 55/55 MP: 19/27
 40951 | Lair:6   | Noticed a four-headed hydra
 40978 | Lair:6   | Killed a four-headed hydra
 41211 | Lair:6   | Noticed a seven-headed hydra
 41214 | Lair:6   | Killed a seven-headed hydra
 41215 | Lair:6   | Reached skill level 13 in Conjurations
 42773 | Lair:6   | Noticed a dire elephant
 42773 | Lair:6   | Noticed a dire elephant
 42774 | Lair:6   | Noticed a dire elephant
 42774 | Lair:6   | Noticed a dire elephant
 42774 | Lair:6   | Noticed a dire elephant
 42798 | Lair:6   | Killed a dire elephant
 43082 | Lair:6   | Noticed a dire elephant
 43092 | Lair:6   | Killed a dire elephant
 43106 | Lair:6   | Noticed a death yak
 43245 | Lair:6   | Killed a death yak
 43246 | Lair:6   | Reached skill level 10 in Fighting
 43388 | Lair:6   | Reached XP level 13. HP: 61/61 MP: 13/28
 43778 | Lair:6   | Killed a dire elephant
 43963 | Lair:6   | Killed a dire elephant
 44234 | Lair:6   | Killed a dire elephant
 44720 | Lair:6   | Reached skill level 14 in Conjurations
 44952 | Lair:6   | Killed a dire elephant
 45119 | Lair:6   | Found a staircase to the Slime Pits.
 45820 | Lair:6   | Found a large runed translucent door.
 45820 | Lair:6   | Found a large runed translucent door.
 45875 | Lair:6   | Noticed papapa55's ghost (journeyman GrEE)
 46330 | Lair:6   | Reached ***** piety under Sif Muna
 48299 | Lair:6   | Identified the ring of the Queen {rF+ rN+ Dex+2}
 49154 | Lair:4   | Reached skill level 15 in Conjurations
 49402 | Lair:4   | Noticed Rupert
 49658 | Lair:4   | Paralysed by Rupert for 4 turns
 49663 | Lair:4   | Killed Rupert
 51658 | D:12     | Reached XP level 14. HP: 66/66 MP: 6/29
 54230 | D:13     | Learned a level 2 spell: Passwall
 54384 | D:13     | Noticed Sonja
 54437 | D:13     | Killed Sonja
 54822 | D:13     | Found Ilai's Jewellery Boutique.
 54827 | D:13     | Bought a +4 ring of protection for 612 gold pieces
 55648 | D:13     | Found Ilai's Jewellery Boutique.
 58231 | D:14     | Received a gift from Sif Muna
 58522 | D:14     | Found a gate to the Vaults.
 58795 | D:15     | Entered Level 15 of the Dungeon
 59153 | D:15     | Noticed Louise
 59376 | D:15     | Killed Louise
 60388 | D:15     | Reached skill level 16 in Conjurations
 60556 | D:15     | Reached XP level 15. HP: 51/70 MP: 31/31
 60843 | D:15     | Noticed Nessos
 60846 | D:15     | Killed Nessos
 62700 | D:15     | Found a staircase to the Depths.
 63355 | Orc:1    | Received a gift from Sif Muna
 63948 | Orc:1    | Noticed an orc warlord
 64103 | D:10     | Killed an orc warlord
 64599 | Orc:1    | Got Sif Muna's Guide on Arcane Weapons and Flames {god
                  | gift}
 65231 | Orc:2    | Entered Level 2 of the Orcish Mines
 65240 | Orc:2    | Noticed an orc warlord
 65439 | Orc:1    | Killed an orc warlord
 66753 | Orc:2    | Noticed Snorg
 66758 | Orc:2    | Killed Snorg
 66759 | Orc:2    | Reached skill level 10 in Invocations
 67252 | Orc:2    | Found a staircase to the Elven Halls.
 67809 | Orc:2    | Reached skill level 17 in Conjurations
 68506 | Orc:2    | Noticed Jorgrun
 68510 | Orc:2    | Killed Jorgrun
 68790 | Orc:2    | Found Zafiaw's Book Shoppe.
 68790 | Orc:2    | Found Kyttamoa's Antique Weapon Boutique.
 68956 | Orc:2    | Found Wuyn's Armour Shop.
 68956 | Orc:2    | Found Kac Ask's Antique Weapon Shoppe.
 69845 | Spider:1 | Entered Level 1 of the Spider Nest
 69950 | Swamp:1  | Entered Level 1 of the Swamp
 70247 | Swamp:1  | Reached XP level 16. HP: 59/75 MP: 27/32
 70356 | Swamp:1  | Reached skill level 1 in Ice Magic
 70460 | Swamp:1  | Received a gift from Sif Muna
 70950 | Swamp:1  | Killed from afar by an eleionoma
 70951 | Swamp:1  | Reached XP level 15. HP: -10/72 MP: 2/40
 72958 | Swamp:3  | Upgraded the game from 0.28-a0-385-g79de503ca0 to
                  | 0.28-a0-397-g1a7b1a870f
 73773 | Swamp:3  | Killed from afar by an eleionoma
 73774 | Swamp:3  | Reached XP level 14. HP: -21/69 MP: 4/40
 74427 | Elf:1    | Entered Level 1 of the Elven Halls
 74722 | Elf:1    | Noticed a deep elf sorcerer
 74748 | Elf:1    | Cast into level 3 of the Abyss (a deep elf sorcerer)
 74857 | Abyss:3  | Noticed a tentacled starspawn
 74913 | Abyss:4  | Noticed a green very ugly thing
 74914 | Abyss:4  | Lost strength.
 74918 | Abyss:4  | Killed from afar by a meliai

Illustrated notes

Levels and vault maps discovered:
D:1:      lightli_arrival_chessboard, layout_basic, wad_floor_pattern_1,
          minivault_11
D:2:      layout_basic, minmay_tetromino_t2
D:3:      layout_loops_ring, serial_shops, shop, portal_sewer_entry_f,
          minmay_randomly_rotated_circles
D:4:      layout_basic, jmf_multi_god_temple2, minmay_temple_entry_large_hall
D:5:      layout_basic, nicolae_vehumet_radiance, gammafunk_ghost_necromancy
D:6:      layout_basic, nrook_mini_backslash, minmay_tree_intersection,
          uniq_crazy_yiuf_cottage, uniq_pikel, uniq_eustachio
D:7:      layout_basic, grunt_temple_overflow_holy_war,
          mainiacjoe_overflow_alcove_1, grunt_temple_overflow_open
D:8:      layout_gridville, mainiacjoe_overflow_alcove_4,
          erik_lair_orcish_takeover, lemuel_flame_loot_1
D:9:      layout_basic, amcnicky_mini_corridor_feature
D:10:     layout_rooms, orc_0_dummy, minmay_misc_feat_encased
D:11:     layout_loops_ring, gammafunk_ghost_split, serial_shops,
          nicolae_lakefront_shop
D:12:     layout_roguey, grunt_ministairs_12
D:13:     layout_basic, minmay_shop_enchanted_jewellery, uniq_sonja
D:14:     layout_cave_pools, grunt_vaults_entry_fortified,
          chequers_serial_rivers_micro_e
D:15:     gammafunk_enter_depths_forms, layout_loops_ring, minivault_25,
          uniq_nessos, uniq_louise
Temple:   minmay_temple_bridge_abc
Lair:1:   beast_lair_carwin_large_3, layout_gridlike, tgw_fedhas,
          lemuel_fruit_fields
Lair:2:   layout_regular_city, grunt_megastairs_5
Lair:3:   layout_loops_ring, nicolae_swamp_entry_splash_gauntlet,
          nicolae_spider_entry_non_spiders, gauntlet_entry_generic,
          infiniplex_staircase_pool, serial_bayou_shore_b, uniq_prince_ribbit2
Lair:4:   layout_loops_ring, lemuel_old_faithful, infiniplex_staircase_pool_2,
          uniq_rupert
Lair:5:   layout_gridlike, basic_altar, serial_rivers,
          chequers_serial_rivers_micro_a, chequers_serial_rivers_micro_b,
          chequers_serial_rivers_large_b, chequers_serial_rivers_room_b,
          chequers_serial_rivers_large_a
Lair:6:   due_jungle_book, layout_loops_ring, minmay_slime_entry_pillars,
          ebering_ghost_disaster_area, serial_bayou_pond_e
Swamp:1:  layout_falls_marsh, evilmike_swamp_ruin_house_4
Swamp:2:  layout_basic_swamp, nicolae_swamp_trees_clearing
Swamp:3:  layout_basic_swamp, nicolae_swamp_round_clearing
Spider:1: layout_spider_delve, drop_trap, nicolae_spider_baby_got_redback,
          uniq_agnes, uniq_mlioglotl, uniq_frances
Orc:1:    layout_diamond_mine, basic_altar
Orc:2:    st_orc_ogre_mass, layout_caves, uniq_snorg, uniq_jorgrun
Elf:1:    layout_geoelf_diagonals, basic_altar, serial_shops,
          nicolae_shop_overgrown_old_shop, hangedman_elf_represent
Abyss:4:  base: Crypt:2, hangedman_classic_abyss_death,
          grunt_abyss_rune_wretched_hive

Skill      XL: |  1  2  3  4  5  6  7  8  9 10 11 12 13 14 15 16 |
---------------+-------------------------------------------------+-----
Fighting       | 1 3 4 5 7 8 10 11 12 | 12.0
Spellcasting   | 3 4 5 8 9 10 11 12 | 12.0
Necromancy     | 5 |  5.0
Invocations    | 3 5 8 10 | 10.0
Evocations     | 3 5 |  5.0
Unarmed Combat | 9 10 | 10.0
Dodging        | 6 7 |  7.0
Conjurations   | 12 13 15 16 17 | 17.7
Ice Magic      | 4 3 1 |  4.8
Stealth        | |  2.6

Action                   |  1- 3 |  4- 6 |  7- 9 | 10-12 | 13-15 | 16-18 || total
-------------------------+-------+-------+-------+-------+-------+-------++-------
Melee: Unarmed           |     9 |    80 |   230 |   209 |    42 |       ||   570
       Bite              |       |     8 |    16 |    23 |     4 |       ||    51
       Punch             |       |       |       |    11 |     1 |       ||    12
 Cast: Pain              |    81 |   145 |   118 |   240 |    13 |       ||   597
       Vampiric Draining |     3 |     9 |    62 |   300 |    13 |       ||   387
       Orb of Destructio |       |       |       |   136 |   626 |    24 ||   786
Invok: Channel Magic     |       |       |       |       |     2 |       ||     2
Evoke: Wand              |       |       |     7 |    18 |    11 |       ||    36
  Use: Scroll            |     6 |     3 |     4 |    15 |     6 |       ||    34
       Potion            |     5 |     3 |     2 |     7 |     6 |       ||    23
 Stab: Sleeping          |       |       |     5 |     2 |       |       ||     7
       Paralysed         |       |       |     9 |     4 |     1 |       ||    14
Armor: Skin              |     2 |    25 |    58 |    38 |    25 |       ||   148
Dodge: Dodged            |    33 |   123 |   369 |   425 |   259 |    13 ||  1222

Table legend: (Time is in decaauts)
 A = Elapsed time spent in this place.
 B = Non-inter-level travel time spent in this place.
 C = Inter-level travel time spent in this place.
 D = Time resting spent in this place.
 E = Time spent auto-exploring this place.
 F = Levels seen in this place.
 G = Mean time per level.
                   A        B        C        D        E       F      G
               +--------+--------+--------+--------+--------+-----+--------+
         Total |  69626 |  67270 |   2356 |  41087 |  15376 |  32 | 2175.8 |
       Dungeon |  31664 |  30330 |   1334 |  18370 |   6971 |  15 | 2110.9 |
        Temple |    172 |    154 |     18 |      0 |    133 |   1 |  172.0 |
          Lair |  26250 |  25415 |    835 |  15060 |   6455 |   6 | 4375.0 |
         Swamp |   3813 |   3744 |     69 |   2445 |    677 |   3 | 1271.0 |
   Spider Nest |      2 |      2 |      0 |      0 |      0 |   1 |    2.0 |
  Orcish Mines |   5300 |   5204 |     96 |   3744 |    710 |   2 | 2650.0 |
   Elven Halls |    305 |    305 |      0 |    221 |     11 |   1 |  305.0 |
         Abyss |    157 |    157 |      0 |     88 |      0 |   2 |   78.5 |
         Sewer |   1957 |   1957 |      0 |   1156 |    416 |   1 | 1957.0 |
               +--------+--------+--------+--------+--------+-----+--------+

Top non-repeatable levels by time:
  Lair:6: 5842 daAuts
  Lair:5: 5434 daAuts
  Lair:2: 4926 daAuts
  Lair:1: 4532 daAuts
  Lair:3: 3217 daAuts
    D:15: 3109 daAuts
   Orc:1: 2937 daAuts
     D:4: 2682 daAuts
    D:14: 2596 daAuts
     D:8: 2475 daAuts
    D:12: 2470 daAuts
     D:6: 2455 daAuts
    D:10: 2375 daAuts
   Orc:2: 2363 daAuts
  Lair:4: 2297 daAuts
